 Dungeon Crawl Stone Soup version 0.27-a0-1140-g099f9bb0e8 (webtiles) character file.

Game seed: 182920136455482483

163 wakim the Covered (level 5, -11/46 HPs)
             Began as a Ghoul Fighter on May 9, 2021.
             Was a Believer of Wu Jian.
             Mangled by Edmund
             ... wielding a +0 flail of protection
              (12 damage)
             ... on level 4 of the Dungeon.
             The game lasted 00:08:48 (2682 turns).

wakim the Covered (Ghoul Fighter)                   Turns: 2682, Time: 00:08:49

Health: -11/46     AC:  7    Str: 20    XL:     5   Next: 44%
Magic:  4/4        EV:  7    Int:  4    God:    Wu Jian [**....]
Gold:   748        SH:  9    Dex:  8    Spells: 4/4 levels left

rFire    . . .     SeeInvis .     - Unarmed
rCold    + . .     Faith    .   b - +0 kite shield
rNeg     + + +     Spirit   .   a - +0 scale mail
rPois    ∞         Reflect  .   (no helmet)
rElec    .         Harm     .   (no cloak)
rCorr    .         Rampage  .   (no gloves)
Will     .....                  (no boots)
Stlth    ..........             (no amulet)
HPRegen  0.00/turn              d - ring of flight
MPRegen  0.09/turn              (no ring)

@: flying
A: claws 1, cold resistance 1, negative energy resistance 3, inhibited
regeneration, torment resistance 2, unbreathing 1
a: Renounce Religion, Wall Jump


You were on level 4 of the Dungeon.
You worshipped Wu Jian.
Wu Jian was pleased with you.
You visited 1 branch of the dungeon, and saw 4 of its levels.

You collected 748 gold pieces.

Inventory:

Armour
 a - a +0 scale mail (worn)
 b - a +0 kite shield (worn)
Jewellery
 d - a ring of flight (left claw)
Potions
 B - a potion of attraction {!q}
 E - a potion of cancellation
 N - a potion of might


   Skills:
 + Level 3.9 Fighting
 * Level 3.9 Armour
 + Level 3.2 Shields
 * Level 3.9 Unarmed Combat


You had 4 spell levels left.
You didn't know any spells.
Your spell library contained the following spells:

 Spells                   Type           Power      Damage    Failure   Level
 Summon Small Mammal      Summ           0%         N/A       100%        1
 Call Imp                 Summ           0%         N/A       100%        2
 Call Canine Familiar     Summ           0%         N/A       100%        3
 Summon Guardian Golem    Hex/Summ       0%         N/A       100%        3
 Summon Ice Beast         Ice/Summ       0%         N/A       100%        4
 Summon Lightning Spire   Summ/Air       0%         N/A       100%        4


Dungeon Overview and Level Annotations

Branches:
Dungeon (4/15)
 Temple: D:4-7

Altars:
Uskayaw
Wu Jian

Annotations:
D:4 3 runed translucent doors, Edmund; Sagrath01's ghost, amateur DsIE


Innate Abilities, Weirdness & Mutations

You thrive by killing the living.
You are immune to poison.
You have sharp fingernails.
Your flesh is cold resistant. (rC+)
You are immune to negative energy. (rN+++)
You do not regenerate when monsters are visible.
You are immune to unholy pain and torment.
You can survive without breathing.


Message History

Edmund is moderately wounded.
Edmund hits you with a +0 flail of protection!
* * * LOW HITPOINT WARNING * * *
You spin and attack Edmund.
You scratch Edmund.
Edmund is heavily wounded.
Edmund hits you with a +0 flail of protection.
* * * LOW HITPOINT WARNING * * *
You scratch Edmund but do no damage.
Edmund is moderately wounded.
Edmund hits you with a +0 flail of protection.
* * * LOW HITPOINT WARNING * * *
It was a potion of curing.
You feel better. You block Edmund's attack.
There is an escape hatch in the floor here.
Okay, then.
As you read the scroll of identify, it crumbles to dust.
e - a potion of cancellation;
E - a potion of cancellation Edmund hits you with a +0 flail of protection.
As you read the scroll of identify, it crumbles to dust.
g - a potion of attraction;
B - a potion of attraction Edmund hits you with a +0 flail of protection!
* * * LOW HITPOINT WARNING * * *
Edmund hits you with a +0 flail of protection.
* * * LOW HITPOINT WARNING * * *
Things that are here:
a +0 giant spiked club; an ogre skeleton Edmund closely misses you.
Edmund hits you with a +0 flail of protection.
* * * LOW HITPOINT WARNING * * *
You spin and attack Edmund.
You closely miss Edmund.
Edmund is moderately wounded.
Edmund says, "People think my brother is the best.
I think he's crazy."
Edmund hits you with a +0 flail of protection!
* * * LOW HITPOINT WARNING * * *
Edmund grinds his teeth, and then sighs.
Edmund says, "I might not be good at magic, but I can still kill you!"
You spin and attack Edmund.
You closely miss Edmund.
Edmund is moderately wounded.
There is a stone staircase leading up here.
Edmund hits you with a +0 flail of protection!
You die...

.###.....######.##.###.####
. .# ####### ##.##.# . ##
##...#.# . #......### #
#...)....# ##### #
#......#.# #...#####
.....#...#.#.####........
####.###@......##...#####
#.###@......##.### #
#.........>....# #
#####.(.....#### #
#.......######
###.......)..#####
###.######...... #.#
####### #.# #..


You could see Edmund.

Vanquished Creatures
  An ogre (D:4)
  2 adders
  A dart slug (D:2)
  An orc (D:4)
  7 bats
  2 endoplasms
  3 giant cockroaches
  4 goblins
  4 hobgoblins
  8 jackals
  A quokka (D:3)
  7 ball pythons
  2 frilled lizards
  7 kobolds
  4 rats
54 creatures vanquished.

Notes
Turn   | Place    | Note
-------+----------+-------------------------------------------
     0 | D:1      | wakim the Ghoul Fighter began the quest for the Orb.
     0 | D:1      | Reached XP level 1. HP: 19/19 MP: 0/0
   247 | D:1      | Reached XP level 2. HP: 26/26 MP: 1/1
   804 | D:2      | Found a faded altar of an unknown god.
   816 | D:2      | Became a worshipper of the Wu Jian Council
   816 | D:2      | Reached * piety under Wu Jian
   831 | D:2      | Reached XP level 3. HP: 31/31 MP: 2/2
  1343 | D:2      | Found a hide-covered altar of Uskayaw.
  1365 | D:2      | Identified a scroll of acquirement
  1365 | D:2      | Acquired 551 gold pieces
  1539 | D:3      | Reached XP level 4. HP: 39/40 MP: 3/3
  1659 | D:3      | Reached ** piety under Wu Jian
  2083 | D:4      | Noticed an ice beast
  2084 | D:4      | Noticed Sagrath01's ghost (amateur DsIE)
  2106 | D:4      | Found a runed translucent gate.
  2106 | D:4      | Found a runed translucent gate.
  2107 | D:4      | Found a runed translucent gate.
  2145 | D:4      | Noticed an ogre
  2154 | D:4      | Killed an ogre
  2155 | D:4      | Reached XP level 5. HP: 38/46 MP: 4/4
  2233 | D:4      | Noticed Edmund
  2663 | D:4      | HP: 1/46 [Edmund/+0 flail of protection (8)]
  2682 | D:4      | Mangled by Edmund

Illustrated notes

Levels and vault maps discovered:
D:1:      evilmike_arrival_rings, layout_rooms
D:2:      layout_loops_ring, ebering_ecumenical_altar_rust, basic_altar
D:3:      layout_rooms, minmay_box_of_dots
D:4:      layout_loops_ring, gammafunk_ghost_icy, uniq_edmund

Skill      XL: |  1  2  3 |
---------------+----------+-----
Armour         | 3 |  3.9
Unarmed Combat | 3 |  3.9
Shields        | 3 |  3.2
Fighting       | |  3.9

Action                   |  1- 3 |  4- 6 || total
-------------------------+-------+-------++-------
Melee: Unarmed           |    99 |    94 ||   193
Invok: Lunge             |     5 |     6 ||    11
       Whirlwind         |     1 |    27 ||    28
  Use: Scroll            |     7 |     2 ||     9
       Potion            |       |     2 ||     2
Armor: Scale mail        |    41 |    39 ||    80
Dodge: Dodged            |    29 |    19 ||    48
Block: Kite shield       |    52 |    39 ||    91

Table legend: (Time is in decaauts)
 A = Elapsed time spent in this place.
 B = Non-inter-level travel time spent in this place.
 C = Inter-level travel time spent in this place.
 D = Time resting spent in this place.
 E = Time spent auto-exploring this place.
 F = Levels seen in this place.
 G = Mean time per level.
                   A        B        C        D        E       F      G
               +--------+--------+--------+--------+--------+-----+--------+
         Total |   2709 |   2649 |     60 |    279 |   1781 |   4 |  677.2 |
       Dungeon |   2709 |   2649 |     60 |    279 |   1781 |   4 |  677.2 |
               +--------+--------+--------+--------+--------+-----+--------+

Top non-repeatable levels by time:
     D:1: 793 daAuts
     D:3: 777 daAuts
     D:2: 652 daAuts
     D:4: 486 daAuts
